 Dungeon Crawl Stone Soup version 0.27-a0-216-g1fbed8a51c (webtiles) character file.

Game seed: 9545246226314835592

177164 jasper the Covert (level 17, 0/114 HPs)
             Began as a Spriggan Enchanter on Feb 1, 2021.
             Was the Champion of Cheibriados.
             Slain by Polyphemus (4 damage)
             ... while petrified by a catoblepas
             ... on level 2 of the Shoals.
             The game lasted 01:22:13 (31965 turns).

jasper the Covert (Spriggan Enchanter)             Turns: 31965, Time: 01:22:13

Health: 0/114      AC: 35    Str: 21    XL:     17   Next: 25%
Magic:  20/27      EV:  4    Int: 45    God:    Cheibriados [******]
Gold:   2470       SH:  0    Dex: 41    Spells: 6/28 levels left

rFire    + . .     SeeInvis +     - Unarmed
rCold    . . .     Faith    .   A - +2 buckler of Insatiable Hunger {*Slow rF+ Str+2 Dex+8}
rNeg     + + +     Spirit   .   (armour currently unavailable)
rPois    ∞         Reflect  .   d - +3 crown of Dyrovepreva {rElec Int+2 SInv}
rElec    +         Harm     .   w - +2 cloak
rCorr    .         Rampage  .   (gloves unavailable)
Will     ++...                  (boots unavailable)
Stlth    +++++++...             E - amulet of regeneration
HPRegen  0.69/turn              e - ring of positive energy
MPRegen  0.20/turn              K - +6 ring of intelligence

@: statue-form, petrified, slowed, very slow
A: very small, unfitting armour, see invisible
}: 1/15 runes: gossamer
a: End Transformation, Renounce Religion, Bend Time, Temporal Distortion,
Slouch, Step From Time


You were on level 2 of the Shoals.
You worshipped Cheibriados.
Cheibriados was exalted by your worship.
You were a stone statue.
You visited 6 branches of the dungeon, and saw 30 of its levels.
You also visited: Bailey.

You collected 3590 gold pieces.
You spent 1120 gold pieces at shops.

Inventory:

Hand Weapons
 F - a +7 dagger of electrocution
Missiles
 f - 98 boomerangs (quivered)
 O - 7 throwing nets
Armour
 d - the +3 crown of Dyrovepreva (worn) {rElec Int+2 SInv}
   (You found it on level 1 of the Spider Nest)

   It affects your intelligence (+2).
   It insulates you from electricity.
   It lets you see invisible.
 w - a +2 cloak (worn)
 y - the +2 robe of Vines (melded) {NoPotionHeal Regen+7}
   (You took it off a kobold in a bailey)

   It increases your rate of regeneration.
 A - the +2 buckler of Insatiable Hunger (worn) {*Slow rF+ Str+2 Dex+8}
   (You acquired it on level 2 of the Lair of Beasts)

   It affects your strength (+2).
   It affects your dexterity (+8).
   It protects you from fire.
   It may slow you when you take damage.
Jewellery
 e - a ring of positive energy (left hand)
 n - an uncursed ring of positive energy
 r - an uncursed ring of protection from cold
 E - an amulet of regeneration (around neck)
 K - a +6 ring of intelligence (right hand)
 T - an uncursed ring of flight
Wands
 k - a wand of mindburst (31)
 q - a wand of flame (46)
 u - a wand of iceblast (13)
 G - a wand of polymorph (21)
 N - a wand of paralysis (16)
 Q - a wand of charming (20)
 X - a wand of digging (5)
Scrolls
 a - 3 scrolls of amnesia
 c - 3 scrolls of fear
 g - 6 scrolls of remove curse
 h - 3 scrolls of noise
 i - a scroll of summoning
 j - 5 scrolls of fog
 l - 6 scrolls of enchant armour
 m - 5 scrolls of blinking
 o - 2 scrolls of silence
 p - 2 scrolls of magic mapping
 s - a scroll of holy word
 t - 11 scrolls of teleportation
 B - a scroll of vulnerability
 V - a scroll of immolation
 W - 4 scrolls of identify
Potions
 b - a potion of magic
 v - 8 potions of lignification
 x - 14 potions of curing
 z - 3 potions of mutation
 C - 2 potions of attraction
 D - 6 potions of ambrosia
 H - 4 potions of flight
 L - 2 potions of invisibility
 P - 4 potions of might
 R - 4 potions of heal wounds
 S - 2 potions of brilliance
Miscellaneous
 J - a phantom mirror


   Skills:
 + Level 9.3 Fighting
 - Level 8.0 Short Blades
 - Level 12.5 Dodging
 - Level 14.0 Stealth
 - Level 7.2 Shields
 * Level 12.1 Unarmed Combat
 - Level 6.1 Spellcasting
 - Level 7.0 Hexes
 - Level 2.4 Translocations
 - Level 11.0 Transmutations
 - Level 2.0 Ice Magic
 - Level 9.0 Earth Magic
 - Level 4.0 Poison Magic
 - Level 12.0 Invocations
 - Level 9.0 Evocations


You had 6 spell levels left.
You knew the following spells:

 Your Spells              Type           Power        Failure   Level
a - Olgreb's Toxic Radia  Pois           49%          3%          4
b - Ensorcelled Hibernat  Hex/Ice        100%         1%          2
c - Confusing Touch       Hex            67%          1%          3
d - Tukima's Dance        Hex            67%          1%          3
e - Blink                 Tloc           N/A          1%          2
f - Apportation           Tloc           70%          1%          1
g - Animate Skeleton      Necr           26%          1%          1
h - Statue Form           Tmut/Erth      54%          4%          6

Your spell library contained the following spells:

 Spells                   Type           Power        Failure   Level
 Corona                   Hex            74%          1%          1
 Freeze                   Ice            100%         1%          1
 Magic Dart               Conj           52%          1%          1
 Sting                    Tmut/Pois      100%         1%          1
 Summon Small Mammal      Summ           52%          1%          1
 Poisonous Vapours        Pois/Air       62%          1%          2
 Slow                     Hex            67%          1%          2
 Dazzling Flash           Conj/Hex       90%          1%          3
 Ignite Poison            Fire/Tmut/Pois 56%          1%          3
 Ice Form                 Ice/Tmut       64%          1%          4
 Leda's Liquefaction      Hex/Erth       36%          1%          4
 Call Imp                 Summ           13%          2%          2
 Frozen Ramparts          Ice            62%          2%          3
 Ozocubu's Armour         Ice            31%          2%          3
 Mephitic Cloud           Conj/Pois/Air  25%          3%          3
 Animate Armour           Summ/Erth      100%         3%          4
 Conjure Flame            Conj/Fire      13%          5%          3
 Metabolic Englaciation   Hex/Ice        26%          9%          5
 Hailstorm                Conj/Ice       22%          12%         4
 Summon Ice Beast         Ice/Summ       22%          12%         4
 Bolt of Magma            Conj/Fire/Erth 20%          16%         5
 Iron Shot                Conj/Erth      26%          41%         6
 Simulacrum               Ice/Necr       11%          88%         6
 Freezing Cloud           Conj/Ice/Air   9%           91%         6
 Ozocubu's Refrigeration  Ice            15%          100%        7
 Shatter                  Erth           38%          100%        9


Dungeon Overview and Level Annotations

Branches:
Dungeon (15/15) Temple (1/1) D:6 Lair (6/6) D:10 Shoals (2/4) Lair:2 Spider (4/4) Lair:3 Slime (0/5) Lair:6 Orc (2/2) D:10 Vaults (0/5) D:13 D:14 Depths (0/5) D:15 Bailey (visited) Elf: Orc:2

Altars:
Ashenzari
Cheibriados
Dithmenos
Elyvilon
Fedhas
Gozag
Hepliaklqana
Kikubaaqudgha
Makhleb
Nemelex Xobeh
Okawaru
Qazlal
Ru
Sif Muna
Trog
Uskayaw
Vehumet
Wu Jian
Xom
Yredelemnul
Zin
The Shining One

Shops:
D:7 ?   D:9 ***:   D:10 :   D:11 (   D:13 *   D:15 [

Annotations:
Lair:5 3 runed translucent doors, Panli's ghost, journeyman CeAM
Shoals:2 Polyphemus
Spider:2 Roxanne


Innate Abilities, Weirdness & Mutations

You are very small and have problems with some larger weapons.
You are too small for most types of armour.
You have supernaturally acute eyesight. (SInv)
((You cover ground extremely quickly.))


Message History

The death yak gores you but does no damage. x2
The catoblepas barely misses you. The wind drake bites you.
* * * LOW HITPOINT WARNING * * *
The death yak gores you but does no damage. x2
The death yak gores you.
* * * LOW HITPOINT WARNING * * *
The catoblepas gores you!!
* * * LOW HITPOINT WARNING * * *
The death yak gores you but does no damage. x2
Polyphemus hits you!
* * * LOW HITPOINT WARNING * * *
Polyphemus hits you but does no damage.
The death yak gores you but does no damage.
The catoblepas gores you but does no damage.
The death yak gores you.
* * * LOW HITPOINT WARNING * * *
The death yak gores you but does no damage.
Polyphemus hits you!
You die...

≈≈≈≈≈≈≈≈≈≈≈≈≈≈≈≈≈≈
≈≈≈≈≈≈≈≈≈≈≈≈≈≈≈≈≈≈≈
≈≈≈≈≈≈≈≈≈≈≈≈≈≈≈≈≈≈≈
≈≈≈≈≈≈≈≈≈≈≈≈≈≈≈≈≈≈≈
≈≈≈≈≈≈≈≈≈≈≈≈≈≈≈≈≈≈≈
≈≈≈≈≈≈≈≈≈≈≈≈≈≈≈≈≈≈≈≈
≈≈≈≈≈≈≈≈≈≈≈≈YYY≈≈≈≈≈≈
≈≈≈≈≈≈≈≈≈≈≈≈≈.Y8Ck≈≈≈≈≈
≈≈≈≈≈≈≈≈≈≈≈≈≈.###Y.≈≈≈≈≈
≈≈≈≈≈≈≈≈≈≈≈≈.## #..≈≈≈≈
≈≈≈≈≈≈≈≈≈≈≈≈.# #.≈≈≈≈
≈≈≈≈≈.≈≈≈≈≈..# .≈≈≈≈
≈≈≈≈≈..≈≈≈≈..#### ≈≈≈≈
≈≈≈≈≈.....≈.....# ≈≈.
≈≈≈.....?....≈..# ≈≈.
≈≈≈≈......≈≈≈..##


You could see Polyphemus, 4 death yaks, a catoblepas and a wind drake (repels
missiles).

Vanquished Creatures
  Arachne (Spider:2)
  Rupert (D:14)
  Kirke (Spider:3)
  6 emperor scorpions
  4 ghost moths (Spider:4)
  An entropy weaver (Spider:2)
  A spark wasp (Spider:4)
  Snorg (Lair:3)
  3 fire dragons
  2 merfolk impalers
  Harold (D:8)
  7 hydras
  4 boulder beetles
  Erolcha (Orc:2)
  Erica (Lair:1)
  A merfolk avatar (Lair:6)
  2 centaur warriors
  An alligator snapping turtle (Shoals:2)
  5 two-headed ogres
  A satyr (Shoals:1)
  A merfolk aquamancer (Shoals:1)
  4 death yaks
  Urug (D:14)
  7 sea snakes
  A wizard (D:15)
  2 unseen horrors
  A deep elf pyromancer (D:14)
  2 orc sorcerers
  5 harpies (Shoals:1)
  A wolf spider zombie (D:15)
  5 orc knights
  7 manticores
  32 wolf spiders
  4 fauns
  7 ugly things
  3 cyclopes
  14 orb spiders
  5 merfolk sirens
  4 centaur zombies
  2 water nymphs
  8 elephants
  3 moths of wrath
  2 torpor snails
  5 black mambas
  6 centaur skeletons
  Maggie (D:7)
  2 gargoyles
  16 cane toads
  9 komodo dragons
  5 rime drakes
  15 demonic crawlers
  6 trolls
  4 wind drakes
  12 polar bears
  22 jumping spiders
  10 merfolk
  9 hornets
  3 meliai (Spider:4)
  3 slime creatures (D:15)
  17 blink frogs
  Grinder (D:4)
  3 dream sheep (Shoals:2)
  A raiju (shapeshifter) (D:14)
  2 snapping turtles
  2 wraiths (D:14)
  4 water elementals
  55 redbacks
  24 tarantellas
  46 yaks
  3 shadows
  A steam dragon (D:9)
  A vampire (D:11)
  6 wyverns
  2 hogs (Spider:3)
  Eustachio (D:4)
  A basilisk (Lair:2)
  16 humans (D:14)
  Grum (Lair:1)
  8 vampire mosquitoes
  Menkaure (D:4)
  3 wargs
  A soldier ant (D:13)
  16 water moccasins
  31 orc warriors
  4 black bears
  2 phantoms
  5 ice beasts
  4 sky beasts
  A necrophage (D:9)
  15 centaurs
  10 ogres
  4 wolves
  A big kobold (D:12)
  21 bullfrogs
  A wyvern skeleton (D:9)
  4 scorpions
  62 killer bees
  15 wights
  2 electric eels
  A howler monkey (D:12)
  5 hounds
  4 jellies
  18 orc priests
  3 bullfrog zombies
  2 bullfrog skeletons
  An iguana (D:14)
  Natasha (twice) (D:4)
  26 orc wizards
  8 worker ants
  Robin (D:4)
  A mummy (D:5)
  A worker ant zombie (D:8)
  13 gnolls
  11 adders
  3 white imps
  An ufetubus (D:5)
  An ooze (D:1)
  An adder zombie (D:7)
  An adder skeleton (D:4)
  2 worms (D:2)
  A dart slug (D:2)
  10 leopard geckos
  117 orcs
  7 bats
  7 giant cockroaches
  21 goblins
  11 hobgoblins
  15 jackals
  2 quokkas
  5 frilled lizards
  A hobgoblin zombie (D:5)
  18 kobolds
  2 kobold zombies (D:5)
  An orc zombie (D:5)
  A quokka skeleton (D:5)
  7 rats
  2 rat zombies (D:8)
1026 creatures vanquished.

Vanquished Creatures (others)
  A dancing weapon (Bailey)
  3 humans (Spider:3)
  36 fungi
  108 plants
148 creatures vanquished.

Grand Total: 1174 creatures vanquished

Notes
Turn   | Place    | Note
-------+----------+-------------------------------------------
     0 | D:1      | jasper the Spriggan Enchanter began the quest for the Orb.
     0 | D:1      | Reached XP level 1. HP: 9/9 MP: 5/5
   368 | D:1      | Reached XP level 2. HP: 13/13 MP: 6/6
   646 | D:1      | Learned a level 2 spell: Ensorcelled Hibernation
  1688 | D:1      | Reached XP level 3. HP: 11/16 MP: 5/8
  1887 | D:2      | Reached skill level 5 in Stealth
  2036 | D:2      | Reached skill level 1 in Ice Magic
  2036 | D:2      | Reached XP level 4. HP: 21/21 MP: 9/9
  2503 | D:2      | Learned a level 3 spell: Confusing Touch
  2507 | D:2      | Learned a level 3 spell: Tukima's Dance
  2660 | D:3      | Noticed a necrophage
  2770 | D:3      | Found a sacrificial altar of Ru.
  3350 | D:4      | Noticed Robin
  3355 | D:4      | Killed Robin
  3683 | D:4      | Noticed a water elemental
  3685 | D:4      | Found a stormy altar of Qazlal.
  3715 | D:4      | Reached XP level 5. HP: 24/24 MP: 6/10
  3951 | D:4      | Reached skill level 6 in Stealth
  3951 | D:4      | Reached XP level 6. HP: 28/28 MP: 8/11
  3994 | D:4      | Noticed Natasha
  4133 | D:4      | Killed Natasha
  4134 | D:4      | Reached skill level 5 in Dodging
  4244 | D:4      | Reached skill level 5 in Hexes
  4270 | D:4      | Noticed Natasha
  4280 | D:4      | Killed Natasha
  4504 | D:4      | Noticed Menkaure
  4516 | D:4      | Killed Menkaure
  4517 | D:4      | Reached skill level 7 in Stealth
  4517 | D:4      | Reached XP level 7. HP: 32/32 MP: 8/12
  4553 | D:4      | Noticed Grinder
  4563 | D:4      | Killed Grinder
  4821 | D:4      | Noticed Eustachio
  4827 | D:4      | Killed Eustachio
  4828 | D:4      | Reached skill level 8 in Stealth
  5002 | D:4      | Noticed a fire elemental
  5002 | D:4      | Noticed an air elemental
  5023 | D:5      | Entered Level 5 of the Dungeon
  5416 | D:5      | Reached XP level 8. HP: 36/36 MP: 5/13
  5617 | D:5      | Learned a level 2 spell: Blink
  5626 | D:5      | Found a white marble altar of Elyvilon.
  5650 | D:5      | Reached skill level 5 in Short Blades
  5953 | D:6      | Found a staircase to the Ecumenical Temple.
  5957 | D:6      | Reached skill level 9 in Stealth
  5960 | Temple   | Entered the Ecumenical Temple
  6126 | Temple   | Became a worshipper of Cheibriados the Contemplative
  6149 | D:6      | Reached skill level 1 in Translocations
  6741 | D:6      | Found a hazy altar of Hepliaklqana.
  6746 | D:6      | Found a basalt altar of Yredelemnul.
  6894 | D:7      | Found Vyuvips's Magic Scroll Boutique.
  7026 | D:7      | Bought a scroll of identify for 24 gold pieces
  7026 | D:7      | Bought a scroll of identify for 24 gold pieces
  7026 | D:7      | Bought a scroll of identify for 24 gold pieces
  7329 | D:7      | Reached skill level 1 in Invocations
  7329 | D:7      | Reached skill level 1 in Evocations
  7395 | D:7      | Noticed Maggie
  7443 | D:7      | Killed Maggie
  7444 | D:7      | Reached XP level 9. HP: 32/39 MP: 9/14
  7555 | D:7      | Found a broken altar of Ashenzari.
  7555 | D:7      | Found a sparkling altar of Nemelex Xobeh.
  7632 | D:7      | Reached skill level 10 in Stealth
  7680 | D:7      | Found Zin's Purification Station.
  7683 | D:7      | Found a glowing silver altar of Zin.
  7688 | D:7      | Bought a potion of curing for 90 gold pieces
  7781 | D:7      | Found a blossoming altar of Fedhas.
  8188 | D:8      | Found a stormy altar of Qazlal.
  8373 | D:8      | Noticed Harold
  8426 | D:8      | Got a bound amethyst amulet
  8427 | D:8      | Identified the amulet "Voll" {Inacc Fragile rC+++ Str-4
                  | Int+4} (You found it on level 8 of the Dungeon)
  8505 | D:9      | Found Qaryivvi's Assorted Antiques.
  8661 | D:9      | Bought a fizzy ruby potion for 24 gold pieces
  8661 | D:9      | Bought a murky white potion for 24 gold pieces
  8750 | D:9      | Found Qype Lies's General Store.
  9017 | D:9      | Reached skill level 11 in Stealth
  9210 | D:9      | Found Nasimmuing's Book Boutique.
  9542 | D:9      | Noticed a two-headed ogre
  9550 | D:9      | Killed a two-headed ogre
  9551 | D:9      | Reached skill level 10 in Dodging
  9551 | D:9      | Reached skill level 5 in Evocations
  9551 | D:9      | Reached XP level 10. HP: 44/44 MP: 15/15
  9557 | D:9      | Found Ykixiz's General Store.
  9828 | D:10     | Entered Level 10 of the Dungeon
  9828 | D:10     | Found a flagged portal.
  9951 | Bailey   | Entered a bailey
 10232 | Bailey   | Got smoking steam dragon scales
 10243 | Bailey   | Identified the +3 steam dragon scales "Taweyg" {rF- rC++
                  | rN+} (You found it in a bailey)
 10455 | D:10     | Noticed a gargoyle
 10503 | D:10     | Killed a gargoyle
 10616 | D:10     | Found a staircase to the Orcish Mines.
 10635 | D:10     | Reached skill level 12 in Stealth
 10648 | D:10     | Learned a level 4 spell: Olgreb's Toxic Radiance
 10689 | D:10     | Noticed an elephant
 10690 | D:10     | Reached skill level 5 in Invocations
 10695 | D:10     | Killed an elephant
 10696 | D:10     | Reached skill level 1 in Poison Magic
 10704 | D:10     | Reached * piety under Cheibriados
 11271 | D:10     | Reached ** piety under Cheibriados
 11272 | D:10     | Reached XP level 11. HP: 47/47 MP: 0/16
 11720 | D:10     | Reached *** piety under Cheibriados
 11911 | D:10     | Learned a level 1 spell: Apportation
 11913 | D:10     | Learned a level 1 spell: Animate Skeleton
 12052 | D:10     | Found a staircase to the Lair.
 12078 | D:10     | Reached skill level 13 in Stealth
 12088 | D:10     | Found Isseeqacs's Book Boutique.
 12413 | D:11     | Found Goiryo's Antique Weapon Emporium.
 12501 | D:11     | Noticed a two-headed ogre
 12507 | D:11     | Killed a two-headed ogre
 12684 | D:11     | Reached **** piety under Cheibriados
 12991 | D:11     | Noticed an unseen horror
 12998 | D:11     | Killed an unseen horror
 13299 | D:11     | Reached ***** piety under Cheibriados
 13415 | D:11     | Noticed a cyan ugly thing
 13418 | D:11     | Noticed a cyan ugly thing
 13523 | D:12     | Noticed a boulder beetle
 13569 | D:12     | Noticed a brown ugly thing
 13781 | D:12     | Reached XP level 12. HP: 48/51 MP: 9/19
 14031 | D:8      | Noticed a two-headed ogre
 14038 | D:8      | Killed a two-headed ogre
 14417 | D:8      | Killed Harold
 14719 | Orc:1    | Entered Level 1 of the Orcish Mines
 14812 | D:10     | Reached skill level 10 in Invocations
 14880 | D:10     | Reached ****** piety under Cheibriados
 15441 | Orc:2    | Entered Level 2 of the Orcish Mines
 15443 | Orc:2    | Noticed Erolcha
 15459 | Orc:2    | Killed Erolcha
 16106 | D:9      | Bought a book of the Earth for 910 gold pieces
 16160 | Lair:1   | Entered Level 1 of the Lair of Beasts
 16348 | Lair:1   | Reached skill level 5 in Spellcasting
 16650 | Lair:1   | Noticed Grum
 16655 | Lair:1   | Killed Grum
 16671 | Lair:1   | Learned a level 6 spell: Statue Form
 16711 | Lair:1   | Noticed Erica
 16714 | Lair:1   | Killed Erica
 16715 | Lair:1   | Reached skill level 1 in Transmutations
 16715 | Lair:1   | Reached skill level 1 in Earth Magic
 17528 | Lair:2   | Reached XP level 13. HP: 55/55 MP: 17/23
 17697 | Lair:2   | Identified a scroll of acquirement
 17698 | Lair:2   | Acquired the +2 buckler of Insatiable Hunger {*Slow rF+
                  | Str+2 Dex+8}
 17770 | Lair:2   | Reached skill level 5 in Transmutations
 18220 | Lair:2   | Found a staircase to the Shoals.
 18667 | Lair:3   | Reached skill level 5 in Earth Magic
 18761 | Lair:3   | Reached skill level 1 in Shields
 18944 | Lair:3   | Noticed Snorg
 18954 | Lair:3   | Killed Snorg
 19005 | Lair:3   | Found a hole to the Spider Nest.
 19846 | Lair:4   | Found a stormy altar of Qazlal.
 20289 | Lair:5   | Noticed Panli's ghost (journeyman CeAM)
 20290 | Lair:5   | Noticed a minotaur
 20447 | Lair:5   | Reached skill level 10 in Transmutations
 20707 | Lair:5   | Reached XP level 14. HP: 59/59 MP: 8/24
 20989 | Lair:5   | Found a runed translucent gate.
 20989 | Lair:5   | Found a runed translucent gate.
 20989 | Lair:5   | Found a runed translucent gate.
 21811 | Lair:6   | Entered Level 6 of the Lair of Beasts
 21908 | Lair:6   | Found a staircase to the Slime Pits.
 22547 | Lair:6   | Reached skill level 5 in Shields
 22570 | Lair:6   | Reached skill level 14 in Stealth
 22627 | Lair:6   | Reached skill level 1 in Fighting
 22627 | Lair:6   | Reached skill level 1 in Unarmed Combat
 23551 | D:13     | Found Eqiruc's Assorted Antiques.
 23679 | D:13     | Found a shimmering altar of Xom.
 24464 | D:14     | Found a gate to the Vaults.
 24464 | D:14     | Noticed Urug
 24479 | D:14     | Killed Urug
 24494 | D:13     | Reached XP level 15. HP: 68/68 MP: 10/25
 24847 | D:14     | Noticed Rupert
 24859 | D:14     | Killed Rupert
 25345 | D:15     | Entered Level 15 of the Dungeon
 25455 | D:15     | Found Exyanoq's Armour Boutique.
 25738 | D:15     | Found a shimmering blue altar of Sif Muna.
 25833 | D:15     | Reached skill level 5 in Unarmed Combat
 26147 | D:15     | Found a snail-covered altar of Cheibriados.
 26204 | D:15     | Found a staircase to the Depths.
 26599 | Spider:1 | Entered Level 1 of the Spider Nest
 26675 | Spider:1 | Reached skill level 5 in Fighting
 26914 | Spider:1 | Found the +3 crown of Dyrovepreva {rElec Int+2 SInv}
 27224 | Spider:2 | Noticed Arachne
 27252 | Spider:2 | Killed Arachne
 27596 | Spider:2 | Identified Roxanne's Tome of the Rocks
 27596 | Spider:2 | Noticed Roxanne
 28222 | Spider:3 | Reached XP level 16. HP: 79/79 MP: 23/26
 28569 | Spider:3 | Noticed Kirke
 28578 | Spider:3 | Killed Kirke
 29207 | Spider:4 | Entered Level 4 of the Spider Nest
 29451 | Spider:4 | Reached skill level 10 in Unarmed Combat
 30399 | Spider:4 | Got a gossamer rune of Zot
 30577 | Shoals:1 | Entered Level 1 of the Shoals
 30818 | Shoals:1 | Reached XP level 17. HP: 86/86 MP: 24/27
 31103 | Shoals:1 | Found a broken altar of Ashenzari.
 31108 | Shoals:1 | Acquired 668 gold pieces
 31946 | Shoals:2 | Noticed Polyphemus
 31964 | Shoals:2 | HP: 4/114 [Polyphemus (5)]
 31965 | Shoals:2 | Slain by Polyphemus

Illustrated notes

Levels and vault maps discovered:
D:1:      dpeg_arrival_subterranean_lakeside_camping, layout_basic, minivault_11
D:2:      layout_basic
D:3:      layout_loops_cross, nicolae_ru_sacrificial_ziggurat,
          uniq_crazy_yiuf_cottage
D:4:      layout_basic, nicolae_qazlal_style_of_elements, uniq_eustachio,
          uniq_menkaure, uniq_natasha, uniq_grinder, uniq_robin
D:5:      layout_basic, elyvilon_altar_3, minmay_mini_ossuary
D:6:      layout_basic, minitemple, minmay_temple_entry_slanted,
          chequers_serial_rivers_micro_b
D:7:      layout_loops_cross, gammafunk_temple_overflow_wave, zin_purify,
          marbit_many_paths, serial_shops, nicolae_shop_window_shopping,
          uniq_maggie
D:8:      layout_layer_cave, kennysheep_mini, enter_ossuary_4, uniq_harold
D:9:      layout_big_octagon, serial_shops, shop_coins, shop, shop, shop
D:10:     wad_woods_minihive, layout_cave_pools, lair_entry_dummy, david_orc_2,
          serial_shops, shop_fountains, lightli_bailey_entry_fortress,
          minmay_misc_feat_tower
D:11:     layout_basic, serial_shops, shop
D:12:     layout_loops_ring, minivault_25
D:13:     layout_roguey [special_room_orc], serial_shops, shop, tgw_xom
D:14:     layout_loops_ring, david_vaults_3, palyth_stone_intersect,
          serial_bayou_pond_b, uniq_rupert
D:15:     grunt_enter_depths_hoard, layout_stronghold, basic_altar,
          serial_shops, nicolae_shop_stone, lemuel_tele_altar
Temple:   dshaligram_water_room_temple
Lair:1:   layout_cave_pods, chequers_serial_rivers_micro_b, grunt_megastairs_3,
          uniq_erica, uniq_grum
Lair:2:   layout_regular_city, elwin_shoals_entry_rooms, grunt_megastairs_1
Lair:3:   layout_loops_ring, dummy_spider_entry, cheibrodos_lair_caveside_slide,
          eino_small_chamber_without_monster, guppyfry_lair_drakes, uniq_snorg
Lair:4:   layout_regular_city, basic_altar
Lair:5:   layout_hall_layers, gauntlet_entry_generic,
          maelrawn_ghost_gauntlet_escape
Lair:6:   gammafunk_lair_ancient_temple, layout_misc_corridors, slime_dummy,
          cheibrodos_lair_lostbears
Shoals:1: layout_shoals, lemuel_centaur_altar
Shoals:2: layout_shoals, serial_shops, shop, uniq_polyphemus
Spider:1: layout_spider_delve, drop_trap
Spider:2: layout_spider_delve, drop_trap, uniq_roxanne, uniq_arachne
Spider:3: layout_spider_delve, uniq_kirke
Spider:4: guppyfry_spider_rune
Orc:1:    layout_diamond_mine
Orc:2:    st_orc_open, layout_diamond_mine, uniq_erolcha, uniq_urug

Skill      XL: |  1  2  3  4  5  6  7  8  9 10 11 12 13 14 15 16 17 |
---------------+----------------------------------------------------+-----
Spellcasting   | 3 6 |  6.1
Hexes          | 4 5 6 7 |  7.0
Stealth        | 5 6 7 8 9 11 12 13 14 | 14.0
Short Blades   | 2 3 4 6 7 8 |  8.0
Ice Magic      | 1 2 |  2.0
Dodging        | 4 5 6 8 10 11 12 | 12.5
Translocations | 2 |  2.4
Invocations    | 1 4 5 8 12 | 12.0
Evocations     | 2 5 7 9 |  9.0
Poison Magic   | 2 4 |  4.0
Transmutations | 3 10 11 | 11.0
Earth Magic    | 2 6 9 |  9.0
Shields        | 3 6 7 |  7.2
Fighting       | 3 6 8 9 |  9.3
Unarmed Combat | 3 8 11 12 | 12.1

Action                   |  1- 3 |  4- 6 |  7- 9 | 10-12 | 13-15 | 16-18 || total
-------------------------+-------+-------+-------+-------+-------+-------++-------
Melee: Dagger            |   106 |   132 |   309 |   786 |   960 |    14 ||  2307
       Punch             |       |       |       |     2 |       |       ||     2
       Unarmed           |       |       |       |       |   241 |   528 ||   769
Throw: Boomerang         |     9 |     2 |     4 |   100 |    10 |     2 ||   127
       Throwing net      |       |       |       |     1 |       |       ||     1
 Cast: Corona            |     5 |       |       |       |       |       ||     5
       Ensorcelled Hiber |    15 |    50 |    64 |   210 |   188 |    24 ||   551
       Confusing Touch   |       |     3 |    22 |    23 |    13 |       ||    61
       Tukima's Dance    |       |       |     1 |     1 |       |       ||     2
       Animate Skeleton  |       |       |       |     1 |       |       ||     1
       Statue Form       |       |       |       |       |    37 |    48 ||    85
       Blink             |       |       |       |       |     2 |     2 ||     4
       Olgreb's Toxic Ra |       |       |       |       |       |     3 ||     3
Invok: Slouch            |       |       |       |       |     7 |     3 ||    10
Evoke: Wand              |       |       |       |     1 |     2 |    21 ||    24
  Use: Scroll            |       |       |    19 |    12 |    16 |    10 ||    57
       Potion            |       |       |     1 |     1 |     1 |     2 ||     5
 Stab: Sleeping          |    14 |    38 |    57 |   142 |   150 |    16 ||   417
       Confused          |       |     3 |    25 |    18 |    15 |       ||    61
       Distracted        |       |     1 |     1 |     1 |     4 |       ||     7
       Paralysed         |       |       |       |       |     3 |       ||     3
Armor: Robe              |    14 |     5 |    12 |    45 |    14 |    12 ||   102
       Steam dragon scal |       |       |     7 |     6 |       |       ||    13
       Skin              |       |       |       |       |   187 |   215 ||   402
Dodge: Dodged            |    92 |    96 |   189 |  1013 |  1543 |  1221 ||  4154
Block: Other             |       |       |    32 |   127 |       |       ||   159
       Reflection        |       |       |     2 |     6 |       |       ||     8
       Buckler           |       |       |       |       |  1030 |   786 ||  1816

Table legend: (Time is in decaauts)
 A = Elapsed time spent in this place.
 B = Non-inter-level travel time spent in this place.
 C = Inter-level travel time spent in this place.
 D = Time resting spent in this place.
 E = Time spent auto-exploring this place.
 F = Levels seen in this place.
 G = Mean time per level.
                   A        B        C        D        E       F      G
               +--------+--------+--------+--------+--------+-----+--------+
         Total |  40003 |  37691 |   2312 |   4301 |  23778 |  31 | 1290.4 |
       Dungeon |  18567 |  17560 |   1007 |   3064 |  10590 |  15 | 1237.8 |
        Temple |    131 |    124 |      7 |      0 |     65 |   1 |  131.0 |
          Lair |  10015 |   9265 |    750 |    569 |   6649 |   6 | 1669.2 |
        Shoals |   2518 |   2467 |     51 |    190 |   1470 |   2 | 1259.0 |
   Spider Nest |   6757 |   6421 |    336 |    235 |   4102 |   4 | 1689.2 |
  Orcish Mines |   1555 |   1396 |    159 |    223 |    751 |   2 |  777.5 |
        Bailey |    458 |    458 |      0 |     19 |    148 |   1 |  458.0 |
               +--------+--------+--------+--------+--------+-----+--------+

Top non-repeatable levels by time:
Spider:4: 2096 daAuts
Spider:3: 2051 daAuts
    D:10: 2022 daAuts
  Lair:5: 1939 daAuts
     D:9: 1934 daAuts
Spider:2: 1784 daAuts
  Lair:2: 1777 daAuts
Shoals:1: 1763 daAuts
  Lair:6: 1695 daAuts
  Lair:1: 1661 daAuts
     D:4: 1646 daAuts
    D:15: 1622 daAuts
  Lair:4: 1520 daAuts
     D:1: 1438 daAuts
    D:13: 1422 daAuts
